 Dungeon Crawl Stone Soup version 0.26.0-45-g9c1d065592 (webtiles) character file.

Game seed: 6176953580530748956

33 trckry the Vandal (level 3, -2/30 HPs)
             Began as a Ghoul Hunter on Jan 29, 2021.
             Slain by a killer bee (6 damage)
             ... on level 2 of the Dungeon.
             The game lasted 00:02:12 (1632 turns).

trckry the Vandal (Ghoul Hunter)                    Turns: 1632, Time: 00:02:12

Health: -2/30      AC:  4    Str: 16    XL:     3   Next: 29%
Magic:  2/2        EV: 12    Int:  6    God:
Gold:   118        SH:  0    Dex:  9    Spells: 2/2 levels left

rFire    . . .     SeeInvis .   a - +1 hunting sling (flame)
rCold    + . .     Faith    .   (no shield)
rNeg     + + +     Spirit   .   m - +0 leather armour (curse)
rPois    ∞         Reflect  .   (no helmet)
rElec    .         Harm     .   (no cloak)
rCorr    .         Rampage  .   o - +0 pair of gloves
Will     .....                  (no boots)
Stlth    +.........             (no amulet)
HPRegen  0.00/turn              (no ring)
MPRegen  0.08/turn              (no ring)

@: no status effects
A: claws 1, cold resistance 1, negative energy resistance 3, inhibited
regeneration, torment resistance, unbreathing
a: no special abilities


You were on level 2 of the Dungeon.
You visited 1 branch of the dungeon, and saw 2 of its levels.

You collected 118 gold pieces.

Inventory:

Hand Weapons
 a - a +1 hunting sling of flaming (weapon)
 b - a +0 short sword
Missiles
 d - 42 sling bullets
 f - 73 stones (quivered ammo)
 k - 16 poisoned darts
Armour
 m - a cursed +0 leather armour (worn)
 o - a +0 pair of gloves (worn)
Jewellery
 q - an uncursed ring of stealth {unknown}
Scrolls
 g - 2 scrolls of identify {unknown}
 h - a scroll of amnesia {unknown}
 l - a scroll of immolation {unknown}
 n - a scroll of blinking {unknown}
Potions
 c - a potion of cancellation {unknown}
 e - 2 potions of heal wounds {unknown}
 i - a potion of berserk rage {unknown}
 j - a potion of curing {unknown}
 p - a potion of might {unknown}


   Skills:
 + Level 2.4 Fighting
 * Level 0.9 Maces & Flails
 * Level 3.8 Slings
 + Level 0.5 Armour
 + Level 2.0 Dodging
 - Level 1.1 Stealth
 + Level 0.5 Shields
 + Level 0.5 Invocations
 + Level 0.4 Evocations


You had 2 spell levels left.
You didn't know any spells.
Your spell library was empty.

Dungeon Overview and Level Annotations

Branches:
Dungeon (2/15)

Altars:
Makhleb


Innate Abilities, Weirdness & Mutations

You thrive by killing the living.
You are immune to poison.
You have sharp fingernails.
Your flesh is cold resistant. (rC+)
You are immune to negative energy. (rN+++)
You do not regenerate when monsters are visible.
You are immune to unholy pain and torment.
You can survive without breathing.


Message History

The killer bee is severely wounded.
The killer bee stings you but does no damage. x2
Fire: 75 stones
Press: ? - help, Q - select action, (/) - cycle Shift-Dir - straight line, f/p - killer bee
Aim: a killer bee (26% to hit)
You shoot a stone.
The stone hits the killer bee but does no damage.
The killer bee stings you.
* * * LOW HITPOINT WARNING * * *
The killer bee barely misses you.
Fire: 74 stones
Press: ? - help, Q - select action, (/) - cycle Shift-Dir - straight line, f/p - killer bee
Aim: a killer bee (26% to hit)
You shoot a stone. The stone barely misses the killer bee.
The stone closely misses the killer bee.
The stone misses the killer bee.
The killer bee stings you.
* * * LOW HITPOINT WARNING * * *
The killer bee stings you.
You die...

#.# #.#.# #.#
#.#.# #.#
#.#.# #.#
#.#.# #.#
#.#.#
#.######.#.#
#........#.#
########.#.#
#....#@#
#.##.#y#
#.##.#y#
#.##.#yy..yyy#
#.##.#########
#.##........#
#.####..###.#
#.......# #.#
#.#.....# #.#


You could see 4 killer bees.

Vanquished Creatures
  An ooze (D:2)
  2 leopard geckos
  A ball python (D:1)
  A bat (D:2)
  2 giant cockroaches (D:1)
  A goblin (D:1)
  3 hobgoblins (D:1)
  5 jackals (D:1)
  4 kobolds
  4 rats
24 creatures vanquished.

Notes
Turn   | Place    | Note
-------+----------+-------------------------------------------
     0 | D:1      | trckry the Ghoul Hunter began the quest for the Orb.
     0 | D:1      | Reached XP level 1. HP: 17/17 MP: 0/0
   133 | D:1      | Reached XP level 2. HP: 17/24 MP: 1/1
  1202 | D:2      | Reached XP level 3. HP: 30/30 MP: 2/2
  1339 | D:2      | Found a burning altar of Makhleb.
  1622 | D:2      | Noticed a killer bee
  1622 | D:2      | Noticed a killer bee
  1622 | D:2      | Noticed a killer bee
  1622 | D:2      | Noticed a killer bee
  1632 | D:2      | HP: 4/30 [killer bee (1)]
  1632 | D:2      | Slain by a killer bee

Illustrated notes

Levels and vault maps discovered:
D:1:      dpeg_arrival_round_c, layout_loops_ring, minmay_tetromino_i4
D:2:      layout_basic, lemuel_crystal_altar, nicolae_dithmenos_shadow_blocks

Skill      XL: |  1  2  3 |
---------------+----------+-----
Dodging        | 2 |  2.0
Fighting       | |  2.4
Maces & Flails | |  0.9
Slings         | |  3.8
Armour         | |  0.5
Stealth        | |  1.1
Shields        | |  0.5
Invocations    | |  0.5
Evocations     | |  0.4

Action                   || total
-------------------------++-------
Melee: Short sword       ||    70
 Fire: Hunting sling     ||    45
Armor: Leather armour    ||    30
Dodge: Dodged            ||    56
